 Dungeon Crawl Stone Soup version 0.31.0-9-g3a7656b989 (webtiles) character file.

Game seed: 3873553342951412128

87 DemonSlayer the Digger (level 4, -2/30 HPs)
             Began as a Demonspawn Earth Elementalist on Jan 24, 2024.
             Killed by divine providence
             ... invoked by an orc priest
              (8 damage)
             ... on level 4 of the Dungeon.
             The game lasted 00:09:18 (2340 turns).

DemonSlayer the Digger (DsEE)                       Turns: 2340, Time: 00:09:19

Health: -2/30      AC:  5    Str:  8    XL:     4   Next: 28%
Magic:  17/17      EV: 12    Int: 15    God:
Gold:   106        SH:  0    Dex: 16    Spells: 5/9 levels left

rFire   . . .        c - +0 dagger
rCold   . . .        (no shield)
rNeg    . . .        a - +0 robe
rPois   .            (no helmet)
rElec   .            r - +2 cloak
rCorr   .            (no gloves)
SInv    .            (no boots)
Will    .....        (no amulet)
Stlth   ++           i - ring of magical power
HPRegen 0.25/turn    (no ring)
MPRegen 0.30/turn

%: no passive effects
@: no status effects
A: magic regeneration
a: no special abilities


You were on level 4 of the Dungeon.
You visited 1 branch of the dungeon, and saw 4 of its levels.

You collected 106 gold pieces.

Inventory:

Hand Weapons
 c - a +0 dagger (weapon)
Missiles
 g - a throwing net
 l - 3 curare-tipped darts
Armour
 a - a +0 robe (worn)
 r - a +2 cloak (worn)
Jewellery
 i - a ring of magical power (left hand)
Scrolls
 d - 2 scrolls of teleportation {unknown}
 e - a scroll of silence {unknown}
 j - 2 scrolls of revelation
 k - 3 scrolls of identify {unknown}
 m - a scroll of enchant armour {unknown}
 n - a scroll of fog {unknown}
 p - a scroll of noise {unknown}
 q - a scroll of poison {unknown}
Potions
 b - 2 potions of magic
 f - 3 potions of heal wounds {unknown}
 h - a potion of mutation {unknown}
 o - a potion of invisibility {unknown}


   Skills:
 + Level 2.0 Dodging
 + Level 2.2 Stealth
 + Level 3.1 Spellcasting
 + Level 1.0 Conjurations
 + Level 3.6 Earth Magic


You had 5 spell levels left.
You knew the following spells:

 Your Spells              Type           Power      Damage    Failure   Level
a - Sandblast             Erth           26%        2d8       4%          1
b - Stone Arrow           Conj/Erth      18%        3d8       22%         3

Your spell library contained the following spells:

 Spells                   Type           Power      Damage    Failure   Level
 Passwall                 Erth           13%        N/A       13%         3
 Brom's Barrelling Bould  Conj/Erth      9%         2d3       58%         4
 Petrify                  Alch/Erth      7%         N/A       67%         4


Dungeon Overview and Level Annotations

Branches:
Dungeon (4/15)
 Temple: D:4-7

Altars:
Trog

Shops:
D:3 (


Innate Abilities, Weirdness & Mutations

You regenerate magic rapidly.


Message History

Casting: Sandblast (safe; 4% risk of failure)
Confirm with . or Enter, or press ? or * to list all spells.
You don't know that spell.
Unknown command.
Unknown command.
Unknown command.
Casting: Sandblast (safe; 4% risk of failure)
Confirm with . or Enter, or press ? or * to list all spells.
Aiming: Sandblast (safe; 4% risk of failure)
Press: ? - help, Shift-Dir - straight line, f - orc
Aim: an orc, wielding a +0 club and wearing a +0 ring mail (84% to hit)
The blast of sand hits the orc but does no damage.
An orc priest comes into view. It is wielding a +0 falchion.
The orc hits you with a +0 club. The orc hits you but does no damage.
Unknown command.
Unknown command.
Casting: Sandblast (safe; 4% risk of failure)
Confirm with . or Enter, or press ? or * to list all spells.
Aiming: Sandblast (safe; 4% risk of failure)
Press: ? - help, Shift-Dir - straight line, f/p - orc
Aim: an orc, wielding a +0 club and wearing a +0 ring mail (84% to hit)
The blast of sand misses the orc.
The blast of sand hits the orc.
The orc is heavily wounded.
The orc priest shouts!
The orc hits you with a +0 club.
* * * LOW HITPOINT WARNING * * *
Unknown command.
The orc attacks as it pursues you! The orc hits you with a +0 club.
* * * LOW HITPOINT WARNING * * *
The orc attacks as it pursues you! The orc hits you with a +0 club.
* * * LOW HITPOINT WARNING * * *
The orc attacks as it pursues you! The orc hits you but does no damage.
The orc attacks as it pursues you! The orc completely misses you.
The orc attacks as it pursues you! The orc hits you with a +0 club.
* * * LOW HITPOINT WARNING * * *
The orc attacks as it pursues you! The orc hits you with a +0 club.
* * * LOW HITPOINT WARNING * * *
The orc priest invokes the aid of Beogh against you.
Beogh smites you!
You die...

#.##########
#....o.o...#
##########o#
#.# #.# #o#
#.# #o# #@#
#.# #.# #.#
#.# #.# #.#
#####.#
#<....#


You could see an orc priest and 2 orcs.

Vanquished Creatures
  An orc wizard (D:4)
  An adder (D:3)
  A ribbon worm (D:2)
  5 orcs (D:3)
  6 ball pythons
  A bat (D:3)
  4 endoplasms
  A giant cockroach (D:2)
  5 goblins
  2 hobgoblins (D:1)
  2 jackals (D:2)
  2 quokkas (D:2)
  3 frilled lizards
  5 kobolds
  7 rats
46 creatures vanquished.

Notes
Turn   | Place    | Note
-------+----------+-------------------------------------------
     0 | D:1      | DemonSlayer the Demonspawn Earth Elementalist began the
                  | quest for the Orb.
     0 | D:1      | Reached XP level 1. HP: 13/13 MP: 3/3
   222 | D:1      | Gained mutation: You regenerate magic rapidly. [demonic
                  | ancestry]
   222 | D:1      | Reached XP level 2. HP: 17/19 MP: 1/5
   343 | D:1      | Found a faded altar of an unknown god.
   343 | D:1      | Noticed a neqoxec
  1078 | D:2      | Reached XP level 3. HP: 24/24 MP: 6/6
  1273 | D:2      | Learned a level 3 spell: Stone Arrow
  1488 | D:3      | Found a bloodstained altar of Trog.
  1729 | D:3      | Upgraded the game from 0.31.0-7-gf635a9b802 to
                  | 0.31.0-9-g3a7656b989
  1957 | D:3      | Found Nataekiclo's Weapon Shop.
  2318 | D:4      | Reached XP level 4. HP: 14/30 MP: 8/8
  2340 | D:4      | Killed from afar by an orc priest

Illustrated notes

Levels and vault maps discovered:
D:1:      ncdulo_halloftheorcs, layout_basic,
          dreamdust_ecumenical_altar_sealed_demon
D:2:      layout_basic
D:3:      layout_basic, lemuel_tele_altar, marbit_many_paths, serial_shops,
          nicolae_shop_temple_entry_statues_fountains
D:4:      layout_basic, mainiacjoe_overflow_surrounded_room

Skill      XL: |  1  2  3 |
---------------+----------+-----
Earth Magic    | 3 |  3.6
Stealth        | 2 |  2.2
Dodging        | 2 |  2.0
Spellcasting   | 3 |  3.1
Conjurations   | |  1.0

Action                     |  1- 3 |  4- 6 || total
---------------------------+-------+-------++-------
  Melee: Unarmed           |    13 |       ||    13
         Dagger            |    28 |       ||    28
   Cast: Sandblast         |    54 |     2 ||    56
    Use: Scroll            |     1 |       ||     1
   Stab: Sleeping          |     4 |       ||     4
 Armour: Robe              |    32 |     8 ||    40
  Dodge: Dodged            |    39 |     1 ||    40
